 Dungeon Crawl Stone Soup version 0.30-a0-738-g116ff8c4af (webtiles) character file.

Game seed: 5938440894382479071

196 Martiln the Trooper (level 6, 0/48 HPs)
             Began as a Human Berserker on Feb 3, 2023.
             Was a Believer of Trog.
             Slain by an orc priest
             ... wielding a +0 club
              (2 damage)
             ... on level 3 of the Dungeon.
             The game lasted 00:26:06 (2670 turns).

Martiln the Trooper (Human Berserker)               Turns: 2670, Time: 00:26:07

Health: 0/48       AC:  5    Str: 20    XL:     6   Next: 4%
Magic:  5/5        EV:  5    Int:  7    God:    Trog [**....]
Gold:   52         SH:  0    Dex: 10    Spells: 5/5 levels left

rFire   . . .      SeeInvis .    t - +0 flail
rCold   . . .      Faith    .    (no shield)
rNeg    . . .      Spirit   .    H - +0 chain mail
rPois   .          Reflect  .    (helmet restricted)
rElec   .          Harm     .    (no cloak)
rCorr   .          Rampage  .    (no gloves)
Will    .....                    (no boots) Stlth
                                 (no amulet)
HPRegen 0.28/turn                (no ring)
MPRegen 0.09/turn                (no ring)

@: constricted
A: horns 1, clumsy 1, deformed body, low MP 1
a: Renounce Religion, Berserk, Trog's Hand


You were on level 3 of the Dungeon.
You worshipped Trog.
Trog was pleased with you.
You visited 1 branch of the dungeon, and saw 3 of its levels.

You collected 52 gold pieces.

Inventory:

Hand Weapons
 a - a +0 hand axe
 c - a +0 club
 f - a +0 short sword
 l - a +0 dagger
 m - a +0 club
 p - a +0 whip
 r - a +0 dagger
 s - a +0 spear
 t - a +0 flail (weapon)
 v - a +0 dagger
 z - a +0 club
 A - a +0 dagger
 B - a +0 sling
 J - a +0 short sword
 N - a +0 whip
 O - a +0 club
Missiles
 e - 20 stones
 i - 6 boomerangs (quivered)
Armour
 b - a +0 animal skin
 d - a +0 leather armour
 h - a +0 robe
 j - a +0 robe
 o - a +0 robe
 w - a +0 scale mail
 C - a +0 ring mail
 E - a +0 cloak
 F - a +0 robe
 G - a +0 scale mail
 H - a +0 chain mail (worn)
 K - a +0 scale mail
Jewellery
 L - a ring of protection from fire
Scrolls
 k - 3 scrolls of blinking {unknown}
 n - a scroll of magic mapping {unknown}
 q - a scroll of vulnerability {unknown}
 y - a scroll of noise {unknown}
 D - 2 scrolls of identify {unknown}
 M - a scroll of torment {unknown}
Potions
 u - a potion of lignification
 x - a potion of curing
 I - 2 potions of mutation


   Skills:
 + Level 4.0 Fighting
 + Level 3.3(3.6) Axes
 + Level 1.8(2.8) Maces & Flails
 + Level 0.8 Throwing
 + Level 3.3 Armour
 + Level 2.8 Dodging
 + Level 1.1 Stealth


You had 5 spell levels left.
You didn't know any spells.
Your spell library contained the following spells:

 Spells                   Type           Power      Damage    Failure   Level
 Lesser Beckoning         Tloc           0%         N/A       100%        2
 Scorch                   Fire           0%         2d5       100%        2
 Gell's Gravitas          Tloc           0%         N/A       100%        3
 Teleport Other           Tloc           0%         N/A       100%        3
 Flame Wave               Conj/Fire      0%         2d4       100%        4
 Summon Cactus Giant      Summ           0%         N/A       100%        6


Dungeon Overview and Level Annotations

Branches:
Dungeon (3/15)

Altars:
Kikubaaqudgha


Innate Abilities, Weirdness & Mutations

You have a pair of small horns on your head.
You are clumsy. (Dex -2)
Armour fits poorly on your strangely shaped body.
Your magical capacity is low. (-10% MP)


Message History

* * * LOW HITPOINT WARNING * * *
The ball python bites you.
* * * LOW HITPOINT WARNING * * *
The ball python constricts you.
You hit the jackal.
You kill the jackal!
Trog accepts your kill. The adder bites you but does no damage.
The orc priest hits you with a +0 club.
* * * LOW HITPOINT WARNING * * *
The ball python bites you.
* * * LOW HITPOINT WARNING * * *
The ball python constricts you. The adder bites you but does no damage.
The kobold hits you but does no damage.
The orc priest calls down the wrath of Beogh upon you.
Beogh smites you!
* * * LOW HITPOINT WARNING * * *
You feel better.
The ball python bites you but does no damage.
The ball python constricts you. The adder bites you but does no damage.
The orc priest hits you with a +0 club.
* * * LOW HITPOINT WARNING * * *
The kobold hits you but does no damage.
Really quaff the potion of mutation?
You feel extremely strange.
You no longer feel a hidden potential within.
You feel slightly disoriented.
You feel clumsy.
Your body twists and deforms.
You feel less energetic. A pair of horns grows on your head!
The ball python bites you.
* * * LOW HITPOINT WARNING * * *
The ball python constricts you. The adder bites you but does no damage.
The kobold hits you but does no damage. The ball python bites you.
* * * LOW HITPOINT WARNING * * *
The ball python constricts you. The orc priest hits you with a +0 club.
* * * LOW HITPOINT WARNING * * *
The ball python's grasp on you weakens, but your attempt to escape fails.
The adder bites you but does no damage.
The ball python bites you but does no damage.
The ball python constricts you. The kobold hits you but does no damage.
The orc priest hits you with a +0 club.
You die...

##########..............
........##..............
........##..............
........##.S....).......
........##oo......#.....
..$....†..hKoo..........
.......o#####...###.####
.....oSK#..........$#
.....oS@#.≈≈≈≈≈≈≈≈≈.#
####$#..o.≈.......≈†####
...#....§§.≈§≈≈.≈.....
#.#*#....≈.≈§..§.≈.....
#. #....≈.§§_.§.≈..... #
#....≈§§§..≈.≈..... ,*
##...≈.≈≈≈§≈.≈.....
#...≈.......≈..... ,~
§≈≈≈≈≈......


You could see an orc priest, an adder, 3 orcs, a ball python and a kobold.

Vanquished Creatures
  A black bear (D:3)
  4 adders
  2 worms (D:2)
  2 dart slugs (D:1)
  4 orcs (D:3)
  2 endoplasms
  2 giant cockroaches (D:2)
  7 goblins
  5 hobgoblins
  2 jackals (D:3)
  A kobold (D:1)
  7 quokkas
  5 ball pythons
  5 bats
  2 frilled lizards (D:1)
  A rat (D:2)
52 creatures vanquished.

Notes
Turn   | Place    | Note
-------+----------+-------------------------------------------
     0 | D:1      | Martiln the Human Berserker began the quest for the Orb.
     0 | D:1      | Reached XP level 1. HP: 18/18 MP: 1/1
   171 | D:1      | Reached XP level 2. HP: 14/24 MP: 2/2
   819 | D:1      | Reached XP level 3. HP: 27/29 MP: 3/3
  1564 | D:2      | Reached XP level 4. HP: 37/37 MP: 4/4
  1822 | D:2      | Reached skill level 1 in Stealth
  2349 | D:3      | Noticed a black bear
  2360 | D:3      | Gained mutation: You have hidden genetic potential. [potion
                  | of mutation]
  2365 | D:3      | Killed a black bear
  2366 | D:3      | Reached skill level 1 in Maces & Flails
  2366 | D:3      | Reached XP level 5. HP: 22/42 MP: 5/5
  2372 | D:3      | Gained mutation: You passively map a small area around you.
                  | [hidden potential]
  2589 | D:3      | Reached skill level 4 in Fighting
  2622 | D:3      | Found an ancient bone altar of Kikubaaqudgha.
  2661 | D:3      | Reached ** piety under Trog
  2662 | D:3      | Reached XP level 6. HP: 39/48 MP: 6/6
  2667 | D:3      | HP: 1/48 [orc priest/divine providence (8)]
  2669 | D:3      | Lost mutation: You have hidden genetic potential. [potion
                  | of mutation]
  2669 | D:3      | Lost mutation: You passively map a small area around you.
                  | [potion of mutation]
  2669 | D:3      | Gained mutation: You are clumsy. (Dex -2) [potion of
                  | mutation]
  2669 | D:3      | Gained mutation: Armour fits poorly on your strangely
                  | shaped body. [potion of mutation]
  2669 | D:3      | Gained mutation: Your magical capacity is low. (-10% MP)
                  | [potion of mutation]
  2669 | D:3      | Gained mutation: You have a pair of small horns on your
                  | head. [potion of mutation]
  2670 | D:3      | Slain by an orc priest

Illustrated notes

Levels and vault maps discovered:
D:1:      wander_arrival_lonely_grave, layout_basic
D:2:      layout_basic
D:3:      layout_rooms, mainiacjoe_overflow_concentric_impassable,
          nicolae_nh_oracle_at_delphi

Skill      XL: |  1  2  3  4  5 |
---------------+----------------+-----
Stealth        | 1 |  1.1
Maces & Flails | 1 |  1.8
Armour         | 3 |  3.3
Fighting       | 4 |  4.0
Axes           | |  3.3
Throwing       | |  0.8
Dodging        | |  2.8

Action                     |  1- 3 |  4- 6 || total
---------------------------+-------+-------++-------
  Melee: Hand axe          |    47 |       ||    47
         Flail             |    27 |    86 ||   113
         Punch             |     2 |     1 ||     3
  Throw: Boomerang         |    12 |     6 ||    18
    Use: Potion            |       |     7 ||     7
 Armour: Animal skin       |     2 |       ||     2
         Leather armour    |    16 |       ||    16
         Scale mail        |     3 |    19 ||    22
         Chain mail        |       |   107 ||   107
         Skin              |       |    18 ||    18
  Dodge: Dodged            |    58 |   104 ||   162

Table legend: (Time is in decaauts)
 A = Elapsed time spent in this place.
 B = Non-inter-level travel time spent in this place.
 C = Inter-level travel time spent in this place.
 D = Time resting spent in this place.
 E = Time spent auto-exploring this place.
 F = Levels seen in this place.
 G = Mean time per level.
                   A        B        C        D        E       F      G
               +--------+--------+--------+--------+--------+-----+--------+
         Total |   2714 |   2714 |      0 |   1029 |     30 |   3 |  904.7 |
       Dungeon |   2714 |   2714 |      0 |   1029 |     30 |   3 |  904.7 |
               +--------+--------+--------+--------+--------+-----+--------+

Top non-repeatable levels by time:
     D:1: 1208 daAuts
     D:2: 1123 daAuts
     D:3: 382 daAuts
